 Dungeon Crawl Stone Soup version 0.28-a0-206-gc2c9e32840 (webtiles) character file.

Game seed: 3307990007809680342

342 Whiskey the Skirmisher (level 6, -23/49 HPs)
             Began as a Demonspawn Fighter on Aug 20, 2021.
             Annihilated by an ogre (26 damage)
             ... on level 4 of the Dungeon.
             The game lasted 00:08:58 (3499 turns).

Whiskey the Skirmisher (Demonspawn Fighter)         Turns: 3499, Time: 00:08:59

Health: -23/49     AC: 11    Str: 18    XL:     6   Next: 30%
Magic:  6/6        EV:  7    Int:  9    God:
Gold:   279        SH:  9    Dex: 13    Spells: 5/5 levels left

rFire   . . .      SeeInvis .   a - +0 war axe
rCold   . . .      Faith    .   c - +0 kite shield
rNeg    . . .      Spirit   .   b - +0 scale mail
rPois   +          Reflect  .   (no helmet)
rElec   .          Harm     .   (no cloak)
rCorr   .          Rampage  .   (no gloves)
Will    +....                   i - +1 pair of boots
Stlth   ..........              (no amulet)
HPRegen 0.16/turn               u - ring of willpower
MPRegen 0.10/turn               A - ring of poison resistance {rPois, !d}

@: no status effects
A: hooves 1, yellow scales 1, demonic magic 1
a: no special abilities


You were on level 4 of the Dungeon.
You visited 1 branch of the dungeon, and saw 5 of its levels.

You collected 279 gold pieces.

Inventory:

Hand Weapons
 a - a +0 war axe (weapon)
 q - a +4 trident of venom
   (You found it on level 3 of the Dungeon)
 r - a +1 scythe of freezing
   (You took it off Sigmund on level 3 of the Dungeon)
Armour
 b - a +0 scale mail (worn)
 c - a +0 kite shield (worn)
 i - a +1 pair of boots (worn)
   (You found it on level 1 of the Dungeon)
 k - a +2 buckler
   (You found it on level 2 of the Dungeon)
 s - a +2 robe of fire resistance
   (You took it off Sigmund on level 3 of the Dungeon)
 t - a +1 cloak
   (You found it on level 3 of the Dungeon)
Jewellery
 u - a ring of willpower (left hand)
   (You found it on level 3 of the Dungeon)
 A - a ring of poison resistance (right hand) {rPois, !d}
   (You found it on level 4 of the Dungeon)
Wands
 f - a wand of flame (27)
   (You found it on level 2 of the Dungeon)
 x - a wand of iceblast (11)
   (You found it on level 4 of the Dungeon)
Scrolls
 g - a scroll of identify
 j - a scroll of magic mapping {!r}
 l - 2 scrolls of enchant armour {unknown}
 n - a scroll of holy word {unknown}
 p - a scroll of blinking {!r}
 v - a scroll of teleportation {unknown}
 w - a scroll of enchant weapon {unknown}
 y - a scroll of amnesia {unknown}
 z - a scroll of vulnerability {unknown}
Potions
 d - a potion of might
 e - 2 potions of curing {unknown}
 h - 3 potions of heal wounds {unknown}
 m - a potion of degeneration {unknown}
 o - a potion of attraction {unknown}
 B - a potion of flight {unknown}


   Skills:
 + Level 4.4 Fighting
 + Level 3.3 Axes
 + Level 4.0 Armour
 + Level 4.0 Shields


You had 5 spell levels left.
You didn't know any spells.
Your spell library contained the following spells:

 Spells                   Type           Power      Damage    Failure   Level
 Beastly Appendage        Tmut           0%         N/A       99%         1
 Sublimation of Blood     Necr           0%         N/A       100%        2
 Wereblood                Tmut           0%         N/A       100%        2
 Spider Form              Tmut/Pois      0%         N/A       100%        3
 Petrify                  Tmut/Erth      0%         N/A       100%        4
 Irradiate                Conj/Tmut      0%         3d13      100%        5


Dungeon Overview and Level Annotations

Branches:
Dungeon (5/15)
 Temple: D:4-7

Altars:
Uskayaw
Zin


Innate Abilities, Weirdness & Mutations

You have large cloven feet.
You are partially covered in yellow scales. (AC +2)
Spells you cast may paralyse adjacent enemies.


Message History

An ogre comes into view. It is wielding a +0 giant club.
The ogre shouts!
You barely miss the ogre.
A hound skeleton comes into view.
The ogre hits you with a +0 giant club!
You take 17 damage, and have 32/49 hp.
MASSIVE DAMAGE!!
You slash the ogre!
The ogre hits you with a +0 giant club!!
* * * LOW HITPOINT WARNING * * *
You are too injured to fight recklessly!
You are too injured to fight recklessly!
You are too injured to fight recklessly!
You take 23 damage, and have 9/49 hp.
MASSIVE DAMAGE!!
You are too injured to fight recklessly!
You are too injured to fight recklessly!
You are too injured to fight recklessly!
There is a stone staircase leading down here.
You climb downwards.
An ice beast comes into view.
There is a stone staircase leading up here.
Something unseen opens the door.
An orc comes into view. It is wielding a +0 mace.
An orc comes into view. It is wielding a +0 club.
You see here a +0 leather armour.
An orc comes into view. It is wielding a +0 club.
The orc shouts! x2
You see here a +0 leather armour.
An orc comes into view. It is wielding a +0 club.
The orc shouts!
A scorpion comes into view.
The ice beast hits you but does no damage.
The scorpion stings you but does no damage.
Found a hide-covered altar of Uskayaw.
Really walk into that teleport trap?
You enter a teleport trap!
The teleport trap disappears.
Your surroundings suddenly seem different.
An iguana, an adder and a scorpion come into view.
You slash the adder! You barely miss the iguana.
The adder bites you but does no damage. The iguana bites you.
* * * LOW HITPOINT WARNING * * *
You block the adder's attack.
You take 3 damage, and have 13/49 hp.
The adder bites you.
* * * LOW HITPOINT WARNING * * *
The iguana bites you but does no damage.
You take 2 damage, and have 11/49 hp.
You block the adder's attack. You block the adder's attack.
The scorpion stings you but does no damage.
The adder bites you but does no damage. 3 kobolds come into view.
A kobold is wielding a +0 dagger and quivering poisoned darts.
A kobold is wielding a +0 dagger of pain.
The kobold shouts! x2
A kobold brigand comes into view.
It is wielding a +0 dagger and quivering curare-tipped darts.
You block the scorpion's attack.
The kobold brigand shouts!
The kobold hits you but does no damage.
The kobold brigand hits you with a +0 dagger.
* * * LOW HITPOINT WARNING * * *
You block the adder's attack.
You take 2 damage, and have 10/49 hp.
You hit the kobold but do no damage. You barely miss the kobold.
You barely miss the adder. You hit the kobold brigand.
You block the kobold's attack. You block the adder's attack.
You block the kobold's attack.
The kobold brigand hits you with a +0 dagger.
* * * LOW HITPOINT WARNING * * *
The kobold hits you but does no damage. The scorpion stings you.
* * * LOW HITPOINT WARNING * * *
The adder completely misses you. The kobold hits you but does no damage.
You take 2 damage, and have 8/49 hp.
As you read the scroll labelled OCWEXEJ VAOMAE, it crumbles to dust.
You feel aware of your surroundings.
You sensed 1 altar.
It was a scroll of magic mapping.
The kobold hits you with a +0 dagger.
* * * LOW HITPOINT WARNING * * *
The kobold brigand hits you with a +0 dagger.
* * * LOW HITPOINT WARNING * * *
You block the adder's attack. You block the scorpion's attack.
The kobold hits you but does no damage. x2
You take 6 damage, and have 2/49 hp.
As you read the scroll labelled QUIRGH LYESENA, it crumbles to dust.
It is a scroll of identify.
p - 2 scrolls of blinking You block the kobold's attack.
The kobold brigand hits you but does no damage.
You block the adder's attack. You block the scorpion's attack.
The kobold barely misses you. x2
Really read
p - 2 scrolls of blinking {!r}?
Blink to where?
As you read the scroll of blinking {!r}, it crumbles to dust.
The kobold brigand throws a curare-tipped dart.
The curare-tipped dart barely misses you.
The kobold throws a poisoned dart.
You block the poisoned dart.
A bullfrog skeleton comes into view.
There is a stone staircase leading up here.
You climb upwards.
You block the hound skeleton's attack.
The hound skeleton bites you but does no damage.
The ogre hits you with a +0 giant club!!
Ouch! That really hurt!
You die...

..... #...#### #...
#...##.. . #... #...##..
..##...##+#######.......
........................
.......................
#....................
#..OZ.......##...##..
#...@.......#########
#...........#........
########......##.......
........########.......
...#...#...<..##...####
..............##...##
...#...#......+.....#
..............#.....#
########......#.....#


You could see an ogre and a hound skeleton.

Vanquished Creatures
  Sigmund (D:3)
  Jessica (D:2)
  An orc wizard (D:4)
  7 adders
  4 dart slugs
  6 orcs
  7 endoplasms
  A giant cockroach (D:2)
  2 goblins
  5 hobgoblins
  4 jackals (D:2)
  4 kobolds
  2 quokkas
  6 ball pythons
  4 bats
  2 frilled lizards (D:1)
  5 rats
62 creatures vanquished.

Vanquished Creatures (others)
  2 fungi (D:1)
  5 toadstools (D:3)
7 creatures vanquished.

Grand Total: 69 creatures vanquished

Notes
Turn   | Place    | Note
-------+----------+-------------------------------------------
     0 | D:1      | Whiskey the Demonspawn Fighter began the quest for the Orb.
     0 | D:1      | Reached XP level 1. HP: 18/18 MP: 1/1
   464 | D:1      | Reached skill level 2 in Axes
   464 | D:1      | Gained mutation: You are partially covered in yellow
                  | scales. (AC +2) [demonic ancestry]
   464 | D:1      | Reached XP level 2. HP: 24/24 MP: 2/2
   648 | D:1      | Found a faded altar of an unknown god.
  1221 | D:2      | Reached skill level 3 in Armour
  1221 | D:2      | Reached skill level 3 in Shields
  1221 | D:2      | Reached XP level 3. HP: 24/29 MP: 3/3
  1525 | D:2      | Reached XP level 4. HP: 20/36 MP: 4/4
  1730 | D:2      | Noticed Jessica
  1732 | D:2      | Killed Jessica
  2440 | D:3      | Gained mutation: You have large cloven feet. [demonic
                  | ancestry]
  2440 | D:3      | Reached XP level 5. HP: 38/42 MP: 5/5
  2573 | D:3      | Noticed Sigmund
  2580 | D:3      | Killed Sigmund
  2581 | D:3      | Reached skill level 4 in Fighting
  2581 | D:3      | Reached skill level 3 in Axes
  2581 | D:3      | Gained mutation: Spells you cast may paralyse adjacent
                  | enemies. [demonic ancestry]
  2581 | D:3      | Reached XP level 6. HP: 47/48 MP: 6/6
  3158 | D:4      | Reached skill level 4 in Armour
  3158 | D:4      | Reached skill level 4 in Shields
  3432 | D:4      | HP: 9/49 [ogre (24)]
  3459 | D:5      | Entered Level 5 of the Dungeon
  3459 | D:5      | Noticed an ice beast
  3473 | D:5      | Found a hide-covered altar of Uskayaw.
  3478 | D:5      | HP: 11/49 [adder (2)]
  3487 | D:5      | HP: 10/49 [kobold brigand (2)]
  3489 | D:5      | HP: 2/49 [kobold brigand (4)]
  3499 | D:4      | Annihilated by an ogre

Illustrated notes

Levels and vault maps discovered:
D:1:      psy_arrival_heroes, layout_basic, shapermc_ecumenical_altar_ellora,
          minmay_misc_feat_iff, minmay_surrounded
D:2:      layout_loops_ring, chequers_serial_rivers_small_3,
          chequers_serial_rivers_small_b, minmay_pentomino_o4, uniq_jessica
D:3:      layout_basic, nicolae_overflow_crystal_walls,
          minmay_gold_behind_fungi, uniq_sigmund
D:4:      layout_gridville, kennysheep_vampire_church,
          lemuel_coloured_pillars_altar, minmay_diced_spiral
D:5:      layout_gridville, lemuel_tele_altar, lemuel_doored_altar

Skill      XL: |  1  2  3  4  5  6 |
---------------+-------------------+-----
Axes           | 2 3 |  3.3
Armour         | 3 4 |  4.0
Shields        | 3 4 |  4.0
Fighting       | 4 |  4.4

Action                   |  1- 3 |  4- 6 || total
-------------------------+-------+-------++-------
Melee: War axe           |    92 |    71 ||   163
       Trident           |       |     6 ||     6
  Use: Scroll            |       |     3 ||     3
Armor: Scale mail        |    66 |    52 ||   118
Dodge: Dodged            |    32 |    23 ||    55
Block: Kite shield       |    41 |    45 ||    86

Table legend: (Time is in decaauts)
 A = Elapsed time spent in this place.
 B = Non-inter-level travel time spent in this place.
 C = Inter-level travel time spent in this place.
 D = Time resting spent in this place.
 E = Time spent auto-exploring this place.
 F = Levels seen in this place.
 G = Mean time per level.
                   A        B        C        D        E       F      G
               +--------+--------+--------+--------+--------+-----+--------+
         Total |   3604 |   3483 |    121 |     87 |   2856 |   5 |  720.8 |
       Dungeon |   3604 |   3483 |    121 |     87 |   2856 |   5 |  720.8 |
               +--------+--------+--------+--------+--------+-----+--------+

Top non-repeatable levels by time:
     D:1: 1186 daAuts
     D:3: 1046 daAuts
     D:2: 986 daAuts
     D:4: 343 daAuts
     D:5: 40 daAuts

Table legend:
 A = Kills in this place as a percentage of kills in entire the game.
 B = Kills by you in this place as a percentage of kills by you in the entire game.
 C = Kills by friends in this place as a percentage of kills by friends in the entire game.
 D = Other kills in this place as a percentage of other kills in the entire game.
 E = Experience gained in this place as a percentage of experience gained in the entire game.
 F = Experience gained in this place divided by the number of levels of this place that you have seen.
                   A       B       C       D       E      F
               +-------+-------+-------+-------+-------+----------------------
         Total | 100.0 | 100.0 |   N/A |   N/A | 100.0 |  97.8
       Dungeon | 100.0 | 100.0 |   N/A |   N/A | 100.0 |  97.8
               +-------+-------+-------+-------+-------+----------------------
